 Dungeon Crawl Stone Soup version 0.30-a0-166-g5d06c95188 (webtiles) character file.

Game seed: 17808491089141242589

32 Caerun the Conjurer (level 3, 0/22 HPs)
             Began as a Gargoyle Reaver on Sept 28, 2022.
             Slain by a gnoll
             ... wielding a +0 club
              (4 damage)
             ... on level 2 of the Dungeon.
             The game lasted 00:02:02 (1053 turns).

Caerun the Conjurer (Gargoyle Reaver)               Turns: 1053, Time: 00:02:02

Health: 0/22       AC:  8    Str: 17    XL:     3   Next: 25%
Magic:  6/6        EV: 14    Int: 13    God:
Gold:   105        SH:  0    Dex:  8    Spells: 5/6 levels left

rFire   . . .      SeeInvis .    a - +0 mace
rCold   . . .      Faith    .    (no shield)
rNeg    + . .      Spirit   .    e - +0 ring mail
rPois   ∞          Reflect  .    (no helmet)
rElec   +          Harm     .    (no cloak)
rCorr   .          Rampage  .    (no gloves)
Will    .....                    (no boots)
Stlth   ..........               (no amulet)
HPRegen 0.07/turn                f - +4 ring of evasion
MPRegen 0.10/turn                (no ring)

@: no status effects
A: sickness immunity, AC +3, negative energy resistance 1, electricity
resistance, torment resistance 1, petrification resistance
a: no special abilities


You were on level 2 of the Dungeon.
You visited 1 branch of the dungeon, and saw 2 of its levels.

You collected 105 gold pieces.

Inventory:

Hand Weapons
 a - a +0 mace (weapon)
Armour
 e - a +0 ring mail (worn)
 o - a +0 cloak
Jewellery
 f - a +4 ring of evasion (left hand)
Scrolls
 b - a scroll of noise {unknown}
 c - 2 scrolls of identify {unknown}
 g - a scroll of blinking {unknown}
 i - a scroll of silence {unknown}
 j - 3 scrolls of vulnerability {unknown}
 l - a scroll of poison {unknown}
 m - a scroll of teleportation {unknown}
Potions
 d - a potion of heal wounds {unknown}
 h - a potion of attraction {unknown}
 k - 2 potions of experience {unknown}
 n - a potion of curing {unknown}


   Skills:
 + Level 2.5 Fighting
 + Level 3.4 Maces & Flails
 + Level 1.6 Dodging
 + Level 2.2 Spellcasting
 + Level 3.7 Conjurations


You had 5 spell levels left.
You knew the following spells:

 Your Spells              Type           Power      Damage    Failure   Level
a - Kiss of Death         Conj/Necr      24%        2d7       22%         1

Your spell library contained the following spells:

 Spells                   Type           Power      Damage    Failure   Level
 Momentum Strike          Conj/Tloc      12%        3d8       32%         2
 Hailstorm                Conj/Ice       6%         3d4       54%         3


Dungeon Overview and Level Annotations

Branches:
Dungeon (2/15)

Altars:


Innate Abilities, Weirdness & Mutations

You are immune to sickness and miasma.
Your stone body is resilient. (AC +3)
You are immune to poison.
You resist negative energy. (rN+)
You are resistant to electric shocks. (rElec)
You are resistant to unholy torment.
You are immune to petrification.


Message History

Increase (S)trength, (I)ntelligence, or (D)exterity?
You feel stronger. x2
You closely miss the ball python. The ball python completely misses you.
The ball python closely misses you.
You hit the ball python.
You kill the ball python!
The rat bites you but does no damage.
You hit the rat.
You kill the rat!
A gnoll comes into view. It is wielding a +0 whip.
You closely miss the goblin. The goblin barely misses you.
You sock the goblin!
You kill the goblin!
You hit the gnoll.
The gnoll is heavily wounded.
The gnoll barely misses you.
You barely miss the gnoll.
The gnoll is heavily wounded.
The gnoll hits you with a +0 club.
A gnoll comes into view. It is wielding a +0 whip.
The gnoll hits you with a +0 club.
The gnoll shouts!
You hit the gnoll.
The gnoll is heavily wounded.
The gnoll hits you with a +0 club.
You hit the gnoll.
The gnoll is heavily wounded.
The gnoll hits you with a +0 club.
You hit the gnoll.
The gnoll is almost dead.
The gnoll closely misses you.
You barely miss the gnoll.
The gnoll is almost dead.
The gnoll hits you with a +0 club.
* * * LOW HITPOINT WARNING * * *
The gnoll attacks as you move away! The gnoll barely misses you.
You barely miss the gnoll.
The gnoll is almost dead.
The gnoll barely misses you. The gnoll hits you with a +0 club.
You die...

...### # #....# #
..#.## # .... + ..# #
####.# .. # #gg)g###
... # #g##gg.# ....
.# # #@####.##.... .#
#.#............#
#.#............#
###+#g....#......#
.........########.#
....g........####.##
...........†.......##
............†###.....
.............# #.....


You could see 3 gnolls.

Vanquished Creatures
  An adder (D:2)
  A dart slug (D:2)
  2 endoplasms
  4 goblins
  A hobgoblin (D:1)
  A kobold (D:1)
  A quokka (D:2)
  2 ball pythons
  3 bats (D:1)
  A frilled lizard (D:1)
  5 rats
22 creatures vanquished.

Notes
Turn   | Place    | Note
-------+----------+-------------------------------------------
     0 | D:1      | Caerun the Gargoyle Reaver began the quest for the Orb.
     0 | D:1      | Reached XP level 1. HP: 12/12 MP: 3/3
   373 | D:1      | Reached XP level 2. HP: 18/18 MP: 5/5
   566 | D:1      | Found a faded altar of an unknown god.
  1040 | D:2      | Reached XP level 3. HP: 19/22 MP: 6/6
  1053 | D:2      | Slain by a gnoll

Illustrated notes

Levels and vault maps discovered:
D:1:      dpeg_arrival_yet_another_circle, layout_basic, basic_ecumenical_altar,
          kennysheep_boxes
D:2:      layout_basic, basic_altar

Action                   || total
-------------------------++-------
Melee: Mace              ||    72
Armor: Ring mail         ||    23
       Leather armour    ||     1
Dodge: Dodged            ||    58

Table legend: (Time is in decaauts)
 A = Elapsed time spent in this place.
 B = Non-inter-level travel time spent in this place.
 C = Inter-level travel time spent in this place.
 D = Time resting spent in this place.
 E = Time spent auto-exploring this place.
 F = Levels seen in this place.
 G = Mean time per level.
                   A        B        C        D        E       F      G
               +--------+--------+--------+--------+--------+-----+--------+
         Total |   1068 |   1035 |     33 |      0 |    761 |   2 |  534.0 |
       Dungeon |   1068 |   1035 |     33 |      0 |    761 |   2 |  534.0 |
               +--------+--------+--------+--------+--------+-----+--------+

Top non-repeatable levels by time:
     D:1: 800 daAuts
     D:2: 268 daAuts
